 Dungeon Crawl Stone Soup version 0.29.1-1-gd02db6906a (webtiles) character file.

Game seed: 8277089042669002707

14548 RogueRain17 the Slicer (level 11, -4/68 HPs)
             Began as a Demonspawn Conjurer on Sept 27, 2022.
             Was an Initiate of Gozag.
             Killed from afar by Jorgrun (53 damage)
             ... with a blast of rock fragments
             ... on level 12 of the Dungeon.
             The game lasted 00:57:58 (18369 turns).

RogueRain17 the Slicer (Demonspawn Conjurer)       Turns: 18369, Time: 00:58:04

Health: -4/68      AC: 16    Str: 12    XL:     11   Next: 90%
Magic:  16/16      EV: 18    Int: 21    God:    Gozag
Gold:   585        SH:  0    Dex: 16    Spells: 9/17 levels left

rFire   . . .      SeeInvis .   E - +2 dagger (flame)
rCold   . . .      Faith    .   (no shield)
rNeg    . . .      Spirit   .   k - +5 steam dragon scales
rPois   .          Reflect  .   (no helmet)
rElec   +          Harm     .   r - +0 cloak
rCorr   .          Rampage  .   (no gloves)
Will    .....                   p - +0 pair of boots
Stlth   ++++......              (no amulet)
HPRegen 0.21/turn               e - +4 ring of evasion
MPRegen 0.15/turn               f - ring "Amnoh" {rElec AC+4 Str+4}

@: grasped by roots, constricted
A: thin skeletal structure 1, demonic guardian 3, demonic touch 1
a: Renounce Religion, Potion Petition, Call Merchant, Bribe Branch


You were on level 12 of the Dungeon.
You worshipped Gozag.
Gozag was pleased with you.
You visited 2 branches of the dungeon, and saw 13 of its levels.
You also visited: Bailey.

You collected 1628 gold pieces.
You paid 1043 gold pieces to Gozag.

Inventory:

Hand Weapons
 c - a +2 whip of venom
 i - a +0 dagger
 w - a +1 dagger of chaos
 B - a +2 short sword of flaming
 E - a +2 dagger of flaming (weapon)
Armour
 a - a +0 robe
 k - +5 steam dragon scales (worn)
 p - a +0 pair of boots (worn)
 r - a +0 cloak (worn)
 L - the +4 robe of Folly {Brilliance Will-∞ Int+8}
   (You found it in a bailey)

   It increases the power of your magical spells.
   It halves the magic cost of your spells (rounding up).
   It reduces your willpower to zero.
   Int:       It affects your intelligence (+8).
Jewellery
 e - a +4 ring of evasion (left hand)
 f - the ring "Amnoh" (right hand) {rElec AC+4 Str+4}
   (You acquired it on level 5 of the Dungeon)

   [ring of protection]

   AC:        It affects your AC (+4).
   Str:       It affects your strength (+4).
   rElec:     It insulates you from electricity.
 j - the ring "Gylemax" {rCorr Int+3}
   (You found it on level 11 of the Dungeon)

   [ring of resist corrosion]

   Int:       It affects your intelligence (+3).
   rCorr:     It protects you from acid and corrosion.
 m - a ring of ice
 y - a +4 ring of evasion
 D - a +4 ring of evasion
 F - a ring of protection from cold
 G - an amulet of guardian spirit
 N - a +6 ring of dexterity
Wands
 g - a wand of polymorph (3)
 l - a wand of charming (16)
 A - a wand of light (5)
 T - a wand of flame (31)
Scrolls
 h - 2 scrolls of butterflies
 n - 3 scrolls of noise
 s - 9 scrolls of teleportation
 u - 2 scrolls of torment
 x - a scroll of silence
 I - 2 scrolls of amnesia
 J - a scroll of magic mapping
 M - 2 scrolls of vulnerability
 O - 3 scrolls of poison
 U - a scroll of fear {unknown}
 V - a scroll of enchant weapon
Potions
 b - 3 potions of magic
 d - 2 potions of flight
 o - 6 potions of ambrosia
 q - 3 potions of attraction {unknown}
 t - 4 potions of degeneration {unknown}
 v - 3 potions of brilliance
 z - 6 potions of curing
 C - 2 potions of heal wounds {unknown}
 K - a potion of lignification {unknown}
 P - 2 potions of berserk rage {unknown}
 R - a potion of might {unknown}
 S - 2 potions of haste


   Skills:
 - Level 10.0 Short Blades
 + Level 9.0 Dodging
 + Level 6.6 Stealth
 + Level 3.6 Spellcasting
 - Level 9.0 Conjurations
 + Level 5.6 Hexes
 * Level 4.2 Transmutations


You had 9 spell levels left.
You knew the following spells:

 Your Spells              Type           Power      Damage    Failure   Level
a - Magic Dart            Conj           100%       1d8       1%          1
b - Searing Ray           Conj           82%        2d7       1%          2
c - Dazzling Flash        Conj/Hex       68%        N/A       1%          3
d - Wereblood             Tmut           21%        N/A       3%          2

Your spell library contained the following spells:

 Spells                   Type           Power      Damage    Failure   Level
 Beastly Appendage        Tmut           42%        N/A       2%          1
 Fulminant Prism          Conj/Hex       17%        3d11      6%          4
 Passwall                 Tmut/Erth      10%        N/A       8%          2
 Mephitic Cloud           Conj/Pois/Air  16%        N/A       11%         3
 Summon Guardian Golem    Hex/Summ       15%        N/A       12%         3
 Sandblast                Erth           6%         2d5       13%         1
 Summon Small Mammal      Summ           12%        N/A       13%         1
 Spider Form              Tmut/Pois      12%        N/A       16%         3
 Iskenderun's Mystic Bla  Conj/Tloc      22%        2d6       19%         4
 Ignite Poison            Fire/Tmut/Pois 9%         N/A       21%         3
 Call Canine Familiar     Summ           3%         N/A       36%         3
 Gell's Gravitas          Tloc           3%         N/A       36%         3
 Ozocubu's Armour         Ice            3%         N/A       36%         3
 Teleport Other           Tloc           3%         N/A       36%         3
 Vampiric Draining        Necr           3%         2d6       36%         3
 Freezing Cloud           Conj/Ice/Air   8%         6-21      69%         5
 Dispersal                Tloc           1%         N/A       100%        6
 Statue Form              Tmut/Erth      8%         N/A       100%        6
 Ozocubu's Refrigeration  Ice            1%         4d7       100%        7
 Shatter                  Erth           1%         3d6*      100%        9


Dungeon Overview and Level Annotations

Branches:
Dungeon (12/15)            Temple (1/1) D:6            Lair (0/5) D:10
 Bailey (visited)
    Orc: D:9-12

Altars:
Ashenzari
Cheibriados
Dithmenos
Fedhas
Gozag
Hepliaklqana
Kikubaaqudgha
Makhleb
Nemelex Xobeh
Okawaru
Qazlal
Ru
Sif Muna
Trog
Uskayaw
Vehumet
Wu Jian
Xom
Yredelemnul

Shops:
D:3 [[[[

Annotations:
D:10 2 runed translucent doors, XxsatanxX's ghost, journeyman MiBe
D:12 Jorgrun


Innate Abilities, Weirdness & Mutations

You have a somewhat thin skeletal structure. (Dex +2, Stealth+)
A powerful demonic guardian rushes to your aid.
Your touch may inflict minor irresistible damage on your foes.


Message History

There is an open door here.
There is an open door here.
Done exploring.
Done exploring.
Done exploring.
There is an open door here.
There is an open door here.
There is an open door here.
There is a stone staircase leading down here.
You climb downwards.
There is a stone staircase leading up here.
Found a war axe.
You see here a +0 war axe.
O - 3 scrolls of poison (gained 1) Jorgrun Earthshaker comes into view.
He is wielding a staff of earth.
The helpless Jorgrun fails to defend himself.
You spit Jorgrun like a pig!!!! You burn Jorgrun!! Your touch misses Jorgrun.
Jorgrun is almost dead.
You barely miss Jorgrun.
You touch Jorgrun!
Jorgrun is almost dead.
Jorgrun casts a spell at you.
Roots burst forth from the earth!
The grasping roots grab you! The grasping roots constrict you!
You hit Jorgrun. You burn Jorgrun.
You touch Jorgrun.
You punch Jorgrun, but do no damage.
Jorgrun is almost dead.
You barely miss Jorgrun.
Jorgrun is almost dead.
Jorgrun casts a spell at you.
You struggle to resist.
The grasping roots constrict you!
You miss Jorgrun. Your touch misses Jorgrun.
Jorgrun is almost dead.
You hit Jorgrun. You burn Jorgrun.
Jorgrun is almost dead.
Jorgrun gestures next to you while chanting.
The wall shatters!
The blast of rock fragments hits you!!!
Ouch! That really hurt!
You die...
Your body crumbles into a pile of gold.

#......# #.# $
#.###### ####.#
#......###....#
#.......###.###
#..###..# #.####
#.......# #....#
#.#.#...# ###.##
#.#.#...###.#.#
#...#@..#...#.#
#..##g..#.#.#.#
... ....#.#...#
.#.......#.#####
..#....##.#.#
###. .#.# #.
.#)# #. .#.# #.#


You could see Jorgrun.

Vanquished Creatures
  A hydra (D:11)
  Erica (D:8)
  A two-headed ogre (D:10)
  A deep elf pyromancer (Bailey)
  2 cyclopes (D:11)
  2 centaur zombies (D:11)
  A gargoyle (D:11)
  Maggie (D:8)
  A queen bee (D:11)
  2 wraiths
  3 shadows (D:11)
  3 vampires
  4 yaks (D:11)
  3 wargs (D:10)
  4 water moccasins
  An ice beast (D:8)
  5 orc warriors
  A black bear (D:8)
  3 ogres
  4 centaurs
  A phantom (D:4)
  A kobold brigand (D:8)
  Blork the orc (D:6)
  3 necrophages
  A bullfrog (D:7)
  A gnoll sergeant (D:11)
  3 scorpions
  10 wights
  33 killer bees
  An electric eel (D:9)
  4 crimson imps (D:3)
  A jelly (D:6)
  9 orc priests
  5 hounds
  3 gnoll boudas
  4 iguanas
  11 orc wizards
  Robin (D:4)
  21 gnolls
  5 adders
  2 white imps
  2 ufetubi
  3 worms (D:2)
  10 dart slugs
  36 orcs
  12 ball pythons
  6 bats
  7 endoplasms
  3 giant cockroaches
  21 goblins
  11 hobgoblins
  9 jackals
  3 quokkas
  6 frilled lizards
  9 kobolds
  2 rats (D:1)
305 creatures vanquished.

Vanquished Creatures (collateral kills)
  An orc knight (Bailey)
  A cyclops (D:11)
  A centaur zombie (D:11)
  A gargoyle (D:10)
  A wraith (D:11)
  A shadow (D:11)
  An ice beast (D:7)
  2 orc warriors (Bailey)
  3 killer bees (D:11)
  A jelly (D:6)
  An orc priest (D:10)
  5 orcs
19 creatures vanquished.

Vanquished Creatures (others)
  4 plants
  4 withered plants (D:11)
8 creatures vanquished.

Grand Total: 332 creatures vanquished

Notes
Turn   | Place    | Note
-------+----------+-------------------------------------------
     0 | D:1      | RogueRain17 the Demonspawn Conjurer began the quest for the
                  | Orb.
     0 | D:1      | Reached XP level 1. HP: 13/13 MP: 3/3
     3 | D:1      | Found a faded altar of an unknown god.
    39 | D:1      | Got Plato's Grimoire of Stones
   262 | D:1      | Gained mutation: You have a somewhat thin skeletal
                  | structure. (Dex +2, Stealth+) [demonic ancestry]
   262 | D:1      | Reached XP level 2. HP: 16/19 MP: 0/5
   921 | D:1      | Reached skill level 5 in Conjurations
  1012 | D:1      | Gained mutation: Your touch may inflict minor irresistible
                  | damage on your foes. [demonic ancestry]
  1012 | D:1      | Reached XP level 3. HP: 24/24 MP: 3/6
  2592 | D:2      | Reached XP level 4. HP: 30/30 MP: 3/7
  2984 | D:3      | Reached skill level 1 in Short Blades
  3099 | D:3      | Found Ratuarewn's Antique Armour Boutique.
  3534 | D:3      | Found Tecvast's Armour Emporium.
  3587 | D:3      | Found Emagonu's Armour Emporium.
  3668 | D:3      | Identified the +3 pair of gloves of the Forest {-Tele +Inv
                  | rElec Str+2}
  3705 | D:3      | Found Sofryqy's Antique Armour Emporium.
  3765 | D:3      | Found a shimmering altar of Xom.
  3784 | D:3      | Reached XP level 5. HP: 22/35 MP: 1/8
  3811 | D:3      | Reached skill level 2 in Short Blades
  4017 | D:3      | Gained mutation: A weak demonic guardian rushes to your
                  | aid. [demonic ancestry]
  4017 | D:3      | Reached XP level 6. HP: 41/41 MP: 1/9
  4995 | D:4      | Noticed Robin
  5092 | D:4      | Killed Robin
  5164 | D:4      | Learned a level 2 spell: Searing Ray
  5386 | D:4      | Reached skill level 3 in Short Blades
  5610 | D:4      | Found an iron altar of Okawaru.
  5661 | D:5      | Entered Level 5 of the Dungeon
  5691 | D:5      | Gained mutation: A demonic guardian rushes to your aid.
                  | [demonic ancestry]
  5691 | D:5      | Reached XP level 7. HP: 46/46 MP: 5/10
  6275 | D:5      | Identified a scroll of acquirement
  6276 | D:5      | Acquired the ring "Amnoh" {rElec AC+4 Str+4}
  6416 | D:5      | Reached skill level 4 in Short Blades
  7047 | D:5      | Gained mutation: A powerful demonic guardian rushes to your
                  | aid. [demonic ancestry]
  7047 | D:5      | Reached XP level 8. HP: 52/52 MP: 11/11
  7084 | D:5      | Found a sacrificial altar of Ru.
  7090 | D:5      | Found a stormy altar of Qazlal.
  7693 | D:5      | Learned a level 3 spell: Dazzling Flash
  7824 | D:6      | Reached skill level 1 in Hexes
  7907 | D:6      | Found a staircase to the Ecumenical Temple.
  7916 | D:6      | Found a hazy altar of Hepliaklqana.
  7934 | D:6      | Reached skill level 5 in Short Blades
  8549 | D:6      | Noticed Blork the orc
  8673 | D:6      | Killed Blork the orc
  9138 | D:7      | Reached skill level 6 in Short Blades
  9165 | D:7      | Found a flagged portal.
  9177 | D:7      | Reached XP level 9. HP: 57/57 MP: 2/12
  9221 | Bailey   | Entered a bailey
  9426 | Bailey   | Noticed an orc knight
  9439 | Bailey   | Killed an orc knight
  9440 | Bailey   | Reached skill level 7 in Short Blades
  9447 | Bailey   | Found a large runed translucent door.
  9447 | Bailey   | Found a large runed translucent door.
  9758 | Bailey   | Noticed a deep elf pyromancer
  9760 | Bailey   | Found the +4 robe of Folly {Brilliance Will-∞ Int+8}
  9856 | Bailey   | Killed a deep elf pyromancer
  9857 | Bailey   | Reached skill level 8 in Short Blades
  9864 | Bailey   | Identified the +7 battleaxe of Oguynt {pain, SInv}
 10087 | D:7      | Reached skill level 5 in Dodging
 10087 | D:7      | Reached skill level 5 in Hexes
 10173 | D:7      | Got the Papyrus of Gritty Sinister Magic
 11018 | D:7      | Reached XP level 10. HP: 63/63 MP: 8/13
 11229 | D:8      | Noticed Erica
 11239 | D:8      | Killed Erica
 11240 | D:8      | Reached skill level 9 in Short Blades
 11751 | D:8      | Noticed Maggie
 11777 | D:8      | Killed Maggie
 12596 | D:9      | Identified the +7 war axe of Qyowkoas {drain, Dex+3}
 12942 | D:9      | Reached skill level 10 in Short Blades
 13336 | D:9      | Found a burning altar of Makhleb.
 13481 | Temple   | Entered the Ecumenical Temple
 13694 | Temple   | Became a worshipper of Gozag Ym Sagoz the Greedy
 13835 | D:10     | Entered Level 10 of the Dungeon
 13838 | D:10     | Noticed a two-headed ogre
 13852 | D:10     | Killed a two-headed ogre
 14493 | D:10     | Found a staircase to the Lair.
 15078 | D:10     | Noticed a gargoyle
 15089 | D:10     | Killed a gargoyle
 15090 | D:10     | Reached XP level 11. HP: 68/68 MP: 14/14
 15118 | D:10     | Found a runed translucent door.
 15216 | D:10     | Noticed a centaur warrior
 15217 | D:10     | Noticed a wizard
 15218 | D:10     | Noticed a lich
 15219 | D:10     | Found a runed translucent door.
 15219 | D:10     | Noticed a skeletal warrior
 15225 | D:10     | Noticed a skeletal warrior
 15407 | D:10     | Identified the amulet "Xinegopn" {Spirit rN+ rCorr Str+2}
 15407 | D:10     | Noticed a necromancer
 15407 | D:10     | Noticed XxsatanxX's ghost (journeyman MiBe)
 15731 | D:11     | Reached skill level 5 in Stealth
 15908 | D:11     | Noticed a five-headed hydra
 16254 | D:11     | Noticed an eight-headed hydra
 16394 | D:11     | Learned a level 2 spell: Wereblood
 16412 | D:11     | Killed an eight-headed hydra
 16413 | D:11     | Reached skill level 1 in Transmutations
 16823 | D:11     | Found a snail-covered altar of Cheibriados.
 18204 | D:11     | Identified the ring "Gylemax" {rCorr Int+3}
 18360 | D:12     | Noticed Jorgrun
 18369 | D:12     | Killed from afar by Jorgrun

Illustrated notes

Levels and vault maps discovered:
D:1:      spicycebolla_green_bress_n_ham_2, layout_basic,
          shapermc_ecumenical_altar_rom_forum, interstate_on_off,
          corexii_leaking_fountain
D:2:      layout_rooms
D:3:      layout_loops_ring, led_xom_imps, tso_metal_star, serial_shops,
          nicolae_shop_stone, nicolae_shop_crystal, nicolae_shop_crystal,
          nicolae_shop_overgrown_old_shop
D:4:      layout_loops_corners, kennysheep_mini, uniq_robin
D:5:      kennysheep_slugbush, layout_gridville, minitemple,
          minmay_fountain_box, patterned_corridor
D:6:      layout_basic, nicolae_overflow_crystal_walls,
          minmay_temple_entry_statues_fountains, kennysheep_pointless_box,
          uniq_blork_the_orc
D:7:      layout_loops_ring, enter_bailey_5, nicolae_benzene_ring
D:8:      layout_basic, sigmund_army, uniq_erica, uniq_maggie
D:9:      layout_basic, mainiacjoe_overflow_alcove_1, zin_academy
D:10:     layout_roguey, erik_lair_orcish_takeover, muffindrake_ghost_dual_entry
D:11:     layout_roguey, special_room [special_room_bee], serial_undead,
          serial_undead_e, serial_undead_b, serial_undead_a, serial_undead_b,
          cheibriados_altar_1
D:12:     cheibrodos_tormentor_scu, layout_basic, erik_orc_3, amethyst_killhole,
          grunt_decor_one_mirror, nzn_hepliaklqana_mist_gate, uniq_rupert,
          uniq_jorgrun, uniq_gastronok
Temple:   nicolae_temple_superstar

Skill      XL: |  1  2  3  4  5  6  7  8  9 10 11 |
---------------+----------------------------------+-----
Conjurations   | 5 6 7 9 |  9.0
Short Blades   | 1 2 3 4 6 8 10 | 10.0
Dodging        | 3 5 7 9 |  9.0
Hexes          | 3 5 |  5.6
Stealth        | 4 6 |  6.6
Transmutations | 4 |  4.2
Spellcasting   | 3 |  3.6

Action                   |  1- 3 |  4- 6 |  7- 9 | 10-12 || total
-------------------------+-------+-------+-------+-------++-------
Melee: Whip              |     7 |       |       |       ||     7
       Dagger            |    52 |    68 |   122 |   588 ||   830
       Touch             |     4 |    10 |    32 |   109 ||   155
       Punch             |       |     2 |     4 |     8 ||    14
       Short sword       |       |    15 |    30 |       ||    45
 Cast: Magic Dart        |    91 |   116 |   138 |   110 ||   455
       Searing Ray       |       |       |    18 |    22 ||    40
       Dazzling Flash    |       |       |     1 |     8 ||     9
       Wereblood         |       |       |       |     5 ||     5
Invok: Potion Petition   |       |       |       |     1 ||     1
Evoke: Wand              |       |       |       |     7 ||     7
  Use: Scroll            |       |       |    10 |    19 ||    29
       Potion            |       |       |     6 |     5 ||    11
 Stab: Sleeping          |     1 |       |     3 |     3 ||     7
       Invisible         |       |       |     3 |     4 ||     7
       Distracted        |       |       |       |     3 ||     3
Armor: Robe              |     6 |     6 |    29 |     6 ||    47
       Steam dragon scal |       |       |       |   113 ||   113
Dodge: Dodged            |    36 |    57 |   142 |   484 ||   719
